 Dungeon Crawl Stone Soup version 0.25.1-8-g42b30a86e7 (webtiles) character file.

Game seed: 15024399808213704028

5873 Clowwww the Cleaver (level 10, -4/115 HPs)
             Began as a Demonspawn Fighter on Dec 26, 2020.
             Was a Believer of Trog.
             Impaled on a porcupine's spines (8 damage)
             ... on level 9 of the Dungeon.
             The game lasted 00:20:03 (6983 turns).

Clowwww the Cleaver (Demonspawn Fighter)            Turns: 6983, Time: 00:20:03

Health: -4/115     AC: 15    Str: 19    XL:     10   Next: 52%
Magic:  11/11      EV: 17    Int:  9    God:    Trog [**....]
Gold:   411        SH: 16    Dex: 14    Spells: 9/9 levels left

rFire    . . .     SeeInvis .   a - +0 war axe
rCold    . . .     Gourm    .   h - +0 tower shield
rNeg     . . .     Faith    .   b - +1 scale mail
rPois    .         Spirit   .   (no helmet)
rElec    .         Reflect  .   (no cloak)
rCorr    .         Harm     .   m - +1 pair of gloves
MR       .....                  c - +0 pair of boots
Stlth    ..........             r - amulet of regeneration
HPRegen  1.69/turn              q - +4 ring of evasion
MPRegen  0.12/turn              (no ring)

@: agile, berserking, lethally poisoned (-4 -> -4), very quick
A: claws 2, icy blue scales 2, powered by death 1, powered by pain 1
a: Berserk, Trog's Hand, Renounce Religion


You were on level 9 of the Dungeon.
You worshipped Trog.
Trog was pleased with you.
You were hungry.

You visited 2 branches of the dungeon, and saw 10 of its levels.

You collected 411 gold pieces.

Inventory:

Hand Weapons
 a - a +0 war axe (weapon)
Armour
 b - a +1 scale mail (worn)
 c - a +0 pair of boots (worn)
 h - a +0 tower shield (worn)
 m - a +1 pair of gloves (worn)
Jewellery
 n - an uncursed amulet of magic regeneration {unknown}
 q - a +4 ring of evasion (left hand)
 r - an amulet of regeneration (around neck)
 x - an uncursed amulet of the acrobat
 y - an uncursed amulet of faith
Wands
 i - a wand of flame (7)
 o - a wand of iceblast (3)
 u - a wand of random effects (11)
Scrolls
 g - 4 scrolls of teleportation
 l - a scroll of silence
 p - a scroll of fear
 t - 4 scrolls of remove curse
Potions
 d - a potion of might
 e - 3 potions of invisibility
 j - 2 potions of cancellation
 k - 2 potions of heal wounds
 s - a potion of curing
 w - a potion of magic
 B - a potion of ambrosia
Comestibles
 f - 19 rations
 z - 7 chunks of flesh


   Skills:
 + Level 6.3 Fighting
 + Level 8.8 Axes
 + Level 6.0 Armour
 + Level 3.9 Dodging
 + Level 0.4 Stealth
 + Level 8.4 Shields
 + Level 1.9 Evocations


You had 9 spell levels left.
You didn't know any spells.
Your spell library was empty.

Dungeon Overview and Level Annotations

Branches:
Dungeon (9/15)             Temple (1/1) D:4
   Lair: D:8-11         Orc: D:9-12

Altars:
Ashenzari
Cheibriados
Dithmenos
Elyvilon
Fedhas
Gozag
Hepliaklqana
Kikubaaqudgha
Makhleb
Nemelex Xobeh
Okawaru
Qazlal
Ru
Sif Muna
Trog
Uskayaw
Vehumet
Wu Jian
Xom
Yredelemnul
Zin
The Shining One


Innate Abilities, Weirdness & Mutations

You have very sharp fingernails.
You are mostly covered in icy blue scales. (AC +3)
You regenerate a little health from kills.
You sometimes gain a little power by taking damage.


Message History

You closely miss the killer bee.
You are struck by the porcupine's spines.
* * * LOW HITPOINT WARNING * * *
You slash the porcupine!
You feel sick. You block the killer bee's attack. The killer bee stings you.
* * * LOW HITPOINT WARNING * * *
You are more poisoned.
The killer bee poisons you!
You are struck by the porcupine's spines.
* * * LOW HITPOINT WARNING * * *
You completely miss the porcupine.
The porcupine is heavily wounded.
You hit the killer bee.
You feel sick. You block the porcupine's attack.
The killer bee closely misses you.
You closely miss the porcupine.
The porcupine is heavily wounded.
You miss the killer bee.
You feel sick. The killer bee misses you. You block the porcupine's attack.
You block the killer bee's attack.
You are struck by the porcupine's spines.
You die...

#P.P.P.P.PP.. .P.P.PPP..P.
###.P.PP.P.P..
#......PPP.PP.
#...PP..P.....
#.........P..P
##............#
#........r)###..
####.....y@# ######.## #).#
####.## #+ #....# ##. #.####
.. #####.###### #.#
#..........#######.#######
#.............)).##........#


You could see a porcupine and a killer bee.

Vanquished Creatures
  A two-headed ogre (D:8)
  The ghost of Cazemata the Severer, a novice MiBe of Trog (D:8)
  A hornet (D:5)
  3 hippogriffs
  2 yaks (D:9)
  Edmund (D:6)
  An orc warrior (D:8)
  A black bear (D:9)
  2 ice beasts
  2 porcupines (D:9)
  A sky beast (D:9)
  2 ogres
  3 centaurs
  A big kobold (D:8)
  6 bullfrogs
  4 scorpions
  A water moccasin skeleton (D:9)
  8 killer bees
  5 wights (D:6)
  A howler monkey (D:6)
  2 crimson imps
  3 hounds
  3 orc wizards
  A jelly (D:8)
  A gnoll shaman (D:9)
  4 orc priests
  3 bullfrog skeletons
  3 iguanas
  Ijyb (D:5)
  5 worker ants
  2 hound zombies
  A worker ant zombie (D:8)
  13 adders
  14 gnolls
  2 shadow imps
  2 oozes
  An adder zombie (D:6)
  A worm (D:5)
  A dart slug (D:3)
  6 leopard geckos
  19 orcs
  5 giant cockroaches
  10 goblins
  8 hobgoblins
  9 jackals
  4 quokkas
  7 bats
  3 frilled lizards
  10 kobolds
  A leopard gecko zombie (D:7)
  A quokka skeleton (D:5)
  11 rats
204 creatures vanquished.

Vanquished Creatures (others)
  An orc wizard (D:6)
  An orc (D:3)
  14 fungi (D:9)
  4 plants (D:9)
20 creatures vanquished.

Grand Total: 224 creatures vanquished

Notes
Turn   | Place    | Note
-------+----------+-------------------------------------------
     0 | D:1      | Clowwww the Demonspawn Fighter began the quest for the Orb.
     0 | D:1      | Reached XP level 1. HP: 18/18 MP: 1/1
    65 | D:1      | Gained mutation: You have sharp fingernails. [demonic
                  | ancestry]
    65 | D:1      | Reached XP level 2. HP: 22/24 MP: 2/2
   575 | D:1      | Gained mutation: You are partially covered in icy blue
                  | scales. (AC +2) [demonic ancestry]
   575 | D:1      | Reached XP level 3. HP: 29/29 MP: 3/3
  1658 | D:3      | Gained mutation: You sometimes gain a little power by
                  | taking damage. [demonic ancestry]
  1658 | D:3      | Reached XP level 4. HP: 31/35 MP: 4/4
  2115 | D:3      | Found a shattered altar of Ashenzari.
  2344 | D:4      | Found a staircase to the Ecumenical Temple.
  2453 | Temple   | Entered the Ecumenical Temple
  2487 | Temple   | Became a worshipper of Trog the Wrathful
  2594 | D:4      | Gained mutation: You have very sharp fingernails. [demonic
                  | ancestry]
  2594 | D:4      | Reached XP level 5. HP: 37/41 MP: 5/5
  2942 | D:4      | Gained mutation: You regenerate a little health from kills.
                  | [demonic ancestry]
  2942 | D:4      | Reached XP level 6. HP: 45/48 MP: 6/6
  3509 | D:5      | Entered Level 5 of the Dungeon
  3659 | D:5      | Noticed Ijyb
  3661 | D:5      | Noticed a hornet
  3667 | D:5      | Paralysed by a hornet for 2 turns
  3677 | D:5      | Killed a hornet
  3677 | D:5      | Reached skill level 1 in Dodging
  3677 | D:5      | Reached XP level 7. HP: 17/54 MP: 7/7
  3680 | D:5      | Killed Ijyb
  3720 | D:5      | Reached skill level 5 in Shields
  3721 | D:5      | Reached * piety under Trog
  3956 | D:5      | Reached skill level 5 in Axes
  4149 | D:6      | Gained mutation: You are mostly covered in icy blue scales.
                  | (AC +3) [demonic ancestry]
  4149 | D:6      | Reached XP level 8. HP: 52/61 MP: 8/8
  4188 | D:6      | Noticed Edmund
  4202 | D:6      | Killed Edmund
  4559 | D:6      | Reached skill level 5 in Fighting
  4619 | D:6      | Found an opulent altar of Gozag.
  4633 | D:6      | Reached ** piety under Trog
  4979 | D:7      | Noticed a hippogriff
  4988 | D:7      | Killed a hippogriff
  4992 | D:7      | Noticed a hippogriff
  5003 | D:7      | Killed a hippogriff
  5003 | D:7      | Reached skill level 5 in Armour
  5003 | D:7      | Reached XP level 9. HP: 46/68 MP: 9/9
  5091 | D:7      | HP: 3/68 [poisoned by a killer bee]
  5096 | D:7      | HP: 3/68 [poisoned by a killer bee]
  5101 | D:7      | HP: 3/68 [poisoned by a killer bee]
  5716 | D:8      | Found a shadowy altar of Dithmenos.
  6005 | D:8      | Found a runed translucent door.
  6026 | D:8      | Noticed Cazemata's ghost (novice MiBe)
  6061 | D:8      | Killed Cazemata's ghost
  6061 | D:8      | Reached skill level 1 in Evocations
  6497 | D:8      | Noticed a two-headed ogre
  6512 | D:8      | Killed a two-headed ogre
  6512 | D:8      | Reached XP level 10. HP: 52/76 MP: 9/11
  6981 | D:9      | HP: 3/115 [porcupine's spines (5)]
  6983 | D:9      | Impaled on a porcupine's spines

Illustrated notes

Levels and vault maps discovered:
D:1:      dpeg_arrival_shelter, layout_loops_ring, minmay_statues_item
D:2:      layout_basic, first_ration, serial_park_tiny_2, minmay_tetromino_t2
D:3:      layout_rooms, cheibrodos_ashenzari_chains
D:4:      layout_gridville, minmay_temple_entry_gardened_gates
D:5:      layout_rooms, uniq_ijyb
D:6:      layout_loops_cross, nicolae_gozag_cash_rules_everything_around_me,
          uniq_edmund
D:7:      layout_cave_pools
D:8:      layout_basic, ebering_ghost_reflecting_pool,
          nicolae_dithmenos_the_darkroom
D:9:      layout_roguey, due_lair_maze_entry_diamond
Temple:   nicolae_temple_the_god_donut

Skill      XL: |  1  2  3  4  5  6  7  8  9 10 |
---------------+-------------------------------+-----
Shields        | 3 4 5 6 8 |  8.4
Armour         | 3 4 5 6 |  6.0
Axes           | 2 3 4 5 6 7 8 |  8.8
Fighting       | 4 5 6 |  6.3
Dodging        | 1 2 3 |  3.9
Evocations     | 1 |  1.9
Stealth        | |  0.4

Action                   |  1- 3 |  4- 6 |  7- 9 | 10-12 || total
-------------------------+-------+-------+-------+-------++-------
Melee: War axe           |   127 |   206 |   444 |    96 ||   873
Invok: Berserk           |       |       |     4 |     1 ||     5
Evoke: Wand              |       |     2 |    15 |       ||    17
  Use: Scroll            |       |    12 |     5 |     4 ||    21
       Potion            |       |     2 |       |       ||     2
  Eat: Chunk             |     2 |     8 |    13 |     3 ||    26
Armor: Scale mail        |    81 |    92 |   156 |    53 ||   382
       Skin              |       |     4 |     2 |       ||     6
Dodge: Dodged            |    28 |    88 |   189 |    56 ||   361
Block: Kite shield       |     5 |       |       |       ||     5
       Tower shield      |   121 |   209 |   407 |   108 ||   845
